 Dungeon Crawl Stone Soup version 0.23.0-41-g86b089e62c (webtiles) character file.

Game seed: 14457978742621067902

1955 Peloso the Carver (level 8, -5/71 HPs)
             Began as a Minotaur Fighter on Feb 27, 2019.
             Was a Follower of Okawaru.
             Slain by an ogre
             ... wielding a +0 giant club
              (17 damage)
             ... on level 7 of the Dungeon.
             The game lasted 00:12:00 (6508 turns).

Peloso the Carver (Minotaur Fighter)                Turns: 6508, Time: 00:12:01

Health: -5/71      AC: 13    Str: 21    XL:     8   Next: 99%
Magic:  0/16       EV:  7    Int:  5    God:    Okawaru [*.....]
Gold:   344        SH: 11    Dex: 12    Spells: 7/7 levels left

rFire    + + .     SeeInvis .   a - +0 long sword
rCold    x . .     Gourm    .   c - +0 shield
rNeg     . . .     Faith    .   C - +1 chain mail {rF+}
rPois    .         Spirit   +   (helmet restricted)
rElec    .         Reflect  .   k - +0 cloak
rCorr    .         Harm     .   (no gloves)
MR       .....                  (no boots)
Stlth    ..........             m - amulet of guardian spirit (curse)
HPRegen  0.21/turn              e - ring of magical power
MPRegen  0.15/turn              A - ring of fire

@: no status effects
A: retaliatory headbutt, horns 2
a: Heroism, Renounce Religion


You were on level 7 of the Dungeon.
You worshipped Okawaru.
Okawaru was aware of your devotion.
You were not hungry.

You visited 2 branches of the dungeon, and saw 8 of its levels.
You also visited: Sewer.

You collected 344 gold pieces.

Inventory:

Hand Weapons
 a - a +0 long sword (weapon)
Armour
 b - a +0 scale mail
 c - a +0 shield (worn)
 k - a +0 cloak (worn)
 x - a +0 chain mail
 C - a +1 chain mail of fire resistance (worn)
Jewellery
 e - a ring of magical power (left hand)
 m - a cursed amulet of guardian spirit (around neck)
 y - an uncursed ring of wizardry
 z - an uncursed ring of fire
 A - a ring of fire (right hand)
Wands
 H - a wand of random effects (16)
Scrolls
 i - a scroll of amnesia {unknown}
 l - 2 scrolls of enchant weapon {unknown}
 o - 3 scrolls of noise {unknown}
 p - a scroll of immolation {unknown}
 v - 3 scrolls of remove curse {unknown}
 w - 3 scrolls of blinking {unknown}
 D - a scroll of teleportation {unknown}
 F - a scroll of enchant armour {unknown}
Potions
 d - 2 potions of might
 g - 3 potions of brilliance
 h - a potion of lignification
 j - 8 potions of curing
 n - a potion of invisibility
 q - 2 potions of magic {unknown}
 r - 3 potions of degeneration {unknown}
 s - 2 potions of flight {unknown}
 t - a potion of resistance
 u - a potion of cancellation {unknown}
 B - a potion of mutation {unknown}
 G - a potion of haste {unknown}
Comestibles
 f - 15 rations
 E - 9 chunks of flesh


   Skills:
 + Level 6.3 Fighting
 + Level 8.3 Long Blades
 + Level 8.0 Armour
 + Level 2.8 Dodging
 + Level 0.5 Stealth
 + Level 7.3 Shields


You had 7 spell levels left.
You didn't know any spells.
Your spell library contained the following spells:

 Spells                   Type           Power        Failure   Level  Hunger
 Freeze                   Ice            #...         100%        1    ##.....
 Throw Frost              Conj/Ice       #.....       100%        2    ###....
 Ozocubu's Armour         Chrm/Ice       #.......     100%        3    ####...
 Summon Ice Beast         Ice/Summ       #.......     100%        4    #####..
 Throw Icicle             Conj/Ice       #.......     100%        4    #####..


Dungeon Overview and Level Annotations

Branches:
Dungeon (7/15)             Temple (1/1) D:6

Altars:
Cheibriados
Dithmenos
Fedhas
Gozag
Hepliaklqana
Kikubaaqudgha
Nemelex Xobeh
Okawaru
Qazlal
Ru
Sif Muna
Trog
Uskayaw
Wu Jian
Xom
Yredelemnul
Zin
The Shining One

Annotations:
D:7 2 runed translucent doors


Innate Abilities, Weirdness & Mutations

You reflexively headbutt those who attack you in melee.
You have a pair of horns on your head.


Message History

a +0 shortbow; 11 arrows
There is a stone staircase leading down here.
Found a large runed translucent door.
An ogre comes into view. It is wielding a +0 giant club.
The ogre shouts!
The ogre hits you with a +0 giant club!!
You hit the ogre but do no damage. You headbutt the ogre!
The ogre is moderately wounded.
The ogre hits you with a +0 giant club!
You barely miss the ogre.
The ogre is moderately wounded.
The ogre hits you with a +0 giant club!!
* * * LOW HITPOINT WARNING * * *
You hit the ogre.
The ogre is heavily wounded.
You block the ogre's attack.
You slash the ogre!
The ogre is severely wounded.
The ogre hits you with a +0 giant club!!
You die...

## . . ####.#....
##.........
######..........
#........# .....
#########........#......
#...#..###......@O...#
#.......##>.....##...#
#......#.....##......#
##..##.#..^...........#
####...................
#...........####++####
###†).......# ...≈≈.
#####.#.......# .≈#.⌠.
.. #....####.....#
#.........


You could see an ogre.

Vanquished Creatures
  Sigmund (D:5)
  Eustachio (D:4)
  Edmund (D:6)
  Duvessa (D:4)
  A phantom (D:6)
  2 ogres (D:7)
  A centaur (D:7)
  A big kobold (Sewer)
  A bullfrog (D:7)
  Dowan (D:4)
  A howler monkey (D:7)
  A centaur zombie (D:7)
  2 crimson imps
  4 hounds
  3 orc wizards (D:3)
  2 bullfrog skeletons
  A centaur skeleton (D:4)
  Crazy Yiuf (D:6)
  Natasha (twice) (D:2)
  An iguana (D:5)
  7 worker ants
  A hound zombie (D:7)
  Robin (D:3)
  4 gnolls (D:7)
  A river rat (Sewer)
  5 adders
  2 worms
  2 dart slugs
  3 leopard geckos
  19 orcs
  4 ball pythons
  6 bats
  6 giant cockroaches
  10 hobgoblins
  9 jackals
  6 kobolds
  A quokka (D:2)
  A frilled lizard (D:1)
  11 goblins
  A leopard gecko skeleton (D:4)
  10 rats
  A fungus (D:6)
140 creatures vanquished.

Notes
Turn   | Place    | Note
-------+----------+-------------------------------------------
     0 | D:1      | Peloso the Minotaur Fighter began the quest for the Orb.
     0 | D:1      | Reached XP level 1. HP: 19/19 MP: 0/0
    52 | D:1      | Reached XP level 2. HP: 23/27 MP: 1/1
   730 | D:2      | Reached XP level 3. HP: 21/33 MP: 2/2
  1116 | D:2      | Noticed Natasha
  1120 | D:2      | Killed Natasha
  1120 | D:2      | Reached XP level 4. HP: 40/40 MP: 3/3
  1251 | D:2      | Noticed Natasha
  1265 | D:2      | Killed Natasha
  1265 | D:2      | Reached skill level 1 in Dodging
  1265 | D:2      | Reached skill level 5 in Shields
  1398 | D:3      | Noticed Robin
  1403 | D:3      | Reached XP level 5. HP: 46/46 MP: 4/4
  1466 | D:3      | Killed Robin
  1565 | D:3      | Found a hide-covered altar of Uskayaw.
  1607 | D:3      | Reached XP level 6. HP: 32/53 MP: 5/5
  1625 | D:3      | Found a glowing drain.
  1662 | Sewer    | Entered a sewer
  1835 | Sewer    | Found a white marble altar of Elyvilon.
  2691 | D:4      | Noticed Duvessa
  2734 | D:4      | Noticed Dowan
  2765 | D:4      | Killed Duvessa
  2765 | D:4      | Reached skill level 5 in Long Blades
  2765 | D:4      | Reached skill level 5 in Armour
  2765 | D:4      | Reached XP level 7. HP: 19/60 MP: 5/6
  2787 | D:4      | HP: 1/60 [Dowan/shard of ice (12)]
  2788 | D:4      | Killed Dowan
  2788 | D:4      | Reached skill level 5 in Fighting
  3907 | D:4      | Noticed Eustachio
  3925 | D:4      | Killed Eustachio
  4415 | D:5      | Entered Level 5 of the Dungeon
  4839 | D:5      | Noticed Sigmund
  4859 | D:5      | Killed Sigmund
  4859 | D:5      | Reached XP level 8. HP: 65/68 MP: 7/7
  5134 | D:6      | Found a staircase to the Ecumenical Temple.
  5140 | Temple   | Entered the Ecumenical Temple
  5187 | Temple   | Became a worshipper of Warmaster Okawaru
  5480 | D:6      | Noticed Edmund
  5524 | D:6      | Killed Edmund
  5697 | D:6      | Found a hazy altar of Hepliaklqana.
  5854 | D:6      | Found a sacrificial altar of Ru.
  5854 | D:6      | Found a glowing golden altar of the Shining One.
  6020 | D:6      | Found a runed translucent door.
  6021 | D:6      | Noticed Crazy Yiuf
  6025 | D:6      | Paralysed by Crazy Yiuf for 6 turns
  6033 | D:6      | Killed Crazy Yiuf
  6235 | D:7      | Found a shadowy altar of Dithmenos.
  6481 | D:7      | Reached * piety under Okawaru
  6500 | D:7      | Found a large runed translucent door.
  6500 | D:7      | Found a large runed translucent door.
  6508 | D:7      | Slain by an ogre

Skill      XL: |  1  2  3  4  5  6  7  8 |
---------------+-------------------------+-----
Shields        | 4 5 6 7 |  7.3
Armour         | 4 5 7 8 |  8.0
Fighting       | 4 5 6 |  6.3
Long Blades    | 3 4 5 6 8 |  8.3
Dodging        | 1 2 |  2.8
Stealth        | |  0.5

Action                   |  1- 3 |  4- 6 |  7- 9 || total
-------------------------+-------+-------+-------++-------
Melee: Long sword        |    74 |   197 |   250 ||   521
       Headbutt          |    13 |    32 |    49 ||    94
  Use: Scroll            |       |       |     4 ||     4
  Eat: Chunk             |       |     6 |    10 ||    16
       Ration            |       |       |     1 ||     1
Armor: Scale mail        |    43 |    95 |     2 ||   140
       Chain mail        |       |       |   123 ||   123
Dodge: Dodged            |    36 |    83 |    64 ||   183
Block: Shield            |    46 |   138 |   153 ||   337
       Rpst.: Long sword |    12 |    19 |    12 ||    43
